 Dungeon Crawl Stone Soup version 0.15-a0-110-gb05c47c (webtiles) character file.

235365 KaKa the Cutthroat (level 20, 0/136 HPs)
             Began as a Kobold Berserker on Apr 9, 2014.
             Was a High Priest of Trog.
             Killed from afar by notcluie's ghost (16 damage)
             ... with a bolt of fire
             ... on Level 3 of the Vaults on Apr 10, 2014.
             The game lasted 04:59:54 (51710 turns).

KaKa the Cutthroat (Kobold Berserker)              Turns: 51710, Time: 04:59:54

HP   0/136       AC 14     Str 21      XL: 20   Next: 35%
MP   6/6         EV 42     Int  5      God: Trog [*****.]
Gold 2153        SH 19     Dex 30      Spells:  0 memorised, 19 levels left

rFire  + + .     SeeInvis +     r - +4,+7 quick blade (antimagic)
rCold  + + .     Clarity  .     H - +2 leather armour {rN+}
rNeg   + . .     Conserve +     i - +1 buckler
rPois  +         rCorr    +     C - +1 hat {MR+}
rElec  +         rRot     .     A - +2 cloak {rCorr, Cons}
SustAb . .       Spirit   .     f - +1 pair of gloves {Str+3}
rMut   .         Warding  .     K - +1 pair of boots
Gourm  +         Stasis   .     x - amulet of Xoihorgho {Gourm -Cast rC+ Dex+3 SInv}
MR     +++++     NoCast   +     w - ring of protection from magic
                                o - ring of protection from fire

@: liquid flames, regenerating, exhausted, agile, very slightly contaminated,
hasted and slowed, glowing, almost entirely resistant to hostile enchantments,
very stealthy
A: disease resistance, antennae 1, carnivore 3, mutation resistance 1, saprovore
2
a: Burn Spellbooks, Berserk, Trog's Hand, Brothers in Arms, Renounce Religion
}: 1/15 runes: gossamer


You were on level 3 of the Vaults.
You worshipped Trog.
Trog was extremely pleased with you.
You were very full.

You visited 8 branches of the dungeon, and saw 42 of its levels.
You also visited: Volcano.

You collected 3678 gold pieces.
You spent 1525 gold pieces at shops.

Inventory:

Hand weapons
 a - a +7,+8 quick blade of stabbing
 c - the +2,+8 short sword "Skedapseide" {antimagic, +Blink rN+ Str+1}
   (Trog gifted it to you on level 1 of the Lair of Beasts)

   It disrupts the flow of magical energy around spellcasters and certain
   magical creatures (including the wielder).
   It affects your strength (+1).
   It protects you from negative energy.
   It lets you blink.
 r - a +4,+7 anti-magic quick blade (weapon)
 M - a +4,+3 anti-magic dagger
 U - a +1,+5 short sword of electrocution
Armour
 f - a +1 pair of gloves of strength (worn)
 i - a +1 buckler (worn)
 j - a +1 cloak of magic resistance
 A - a +2 cloak of preservation (worn)
 C - a +1 hat of magic resistance (worn)
 D - a +1 leather armour of poison resistance
 H - a +2 leather armour of positive energy (worn)
 K - a +1 pair of boots (worn)
 N - a fire dragon hide
Magical devices
 b - a wand of cold (6)
 g - a wand of fire (5)
 q - a wand of digging (16)
 v - a wand of draining (2)
 I - a wand of digging (10)
 L - a wand of lightning (4)
 Q - a wand of paralysis (20)
 S - a wand of teleportation (2)
Comestibles
 y - 5 meat rations
Scrolls
 m - 3 scrolls of blinking
 n - 2 scrolls of vulnerability
 p - 4 scrolls of identify
 u - 2 scrolls of magic mapping
 z - 8 scrolls of remove curse
 B - 2 scrolls of fear
 P - 5 scrolls of teleportation
Jewellery
 h - a +5 ring of evasion
 k - an uncursed amulet of conservation
 o - a ring of protection from fire (left hand)
 w - a ring of protection from magic (right hand)
 x - the amulet of Xoihorgho (around neck) {Gourm -Cast rC+ Dex+3 SInv}
   (You found it on level 8 of the Lair of Beasts)

   [amulet of the gourmand]

   It allows you to eat raw meat even when not hungry.
   It affects your dexterity (+3).
   It protects you from cold.
   It enhances your eyesight.
   It prevents spellcasting.
 E - an uncursed amulet of clarity
 F - a +4 ring of dexterity
 O - an uncursed ring of protection from cold
 R - an uncursed amulet of inaccuracy
 T - an uncursed ring of regeneration
 Y - an uncursed ring of flight
Potions
 d - 3 potions of haste
 e - 5 potions of curing
 s - a potion of brilliance
 t - a potion of restore abilities
 G - a potion of invisibility
 J - 2 potions of might
 V - 3 potions of resistance
 W - 3 potions of agility


   Skills:
 + Level 18.1 Fighting
 + Level 21.8 Short Blades
 - Level 6.5 Armour
 + Level 19.2 Dodging
 - Level 18.4 Stealth
 - Level 7.0 Shields


You had 19 spell levels left.
You didn't know any spells.

Dungeon Overview and Level Annotations

Branches:
Dungeon (15/15)            Temple (1/1) D:7             Orc (4/4) D:9
    Elf (2/3) Orc:4          Lair (8/8) D:11         Shoals (4/5) Lair:5
 Spider (5/5) Lair:5        Slime (0/6) Lair:7       Vaults (3/5) D:13
  Blade (0/1) Vaults:3      Crypt (0/5) Vaults:3     Depths (0/5) D:15

Altars:
Ashenzari
Cheibriados
Dithmenos
Elyvilon
Fedhas
Kikubaaqudgha
Makhleb
Nemelex Xobeh
Okawaru
Sif Muna
Trog
Vehumet
Xom
Yredelemnul
Zin
The Shining One
Jiyva

Shops:
D:6 (   D:12 }   Orc:4 :*[[   Elf:2 =   Shoals:2 [   Vaults:2 *?

Annotations:
Shoals:4 Nikola
Vaults:3 notcluie's ghost, great TeFE


Innate Abilities, Weirdness & Mutations

You recuperate from illness quickly.
You are small and have problems with some larger weapons.
You are carnivorous and can eat meat at any time.
You can eat rotten meat.
You have a pair of small antennae on your head.
You are somewhat resistant to further mutation.


Message History

Drink which item? (? for menu, Esc to quit)
You feel agile all of a sudden.
You are covered in liquid flames!
Notcluie's ghost screams, "I'll kill anyone who wants the ORB!"
You block notcluie's ghost's attack.
Your iron troll completely misses notcluie's ghost.
Your iron troll misses notcluie's ghost.
Your iron troll claws notcluie's ghost!
Quiver which item? (- for none, * to show all) (? for menu, Esc to quit)
Okay, then.
You closely miss notcluie's ghost.
Notcluie's ghost is severely damaged.
You are covered in liquid flames!
Notcluie's ghost hits you!
* * * LOW HITPOINT WARNING * * *
You are covered in liquid flames!
* * * LOW HITPOINT WARNING * * *
Notcluie's ghost gestures at you while chanting.
The bolt of fire hits you! You resist.
You die...

##.....%.# #.#... ##.....##
#.#... . ######## ##...## #.#...
... #......#.######p#######.#...
.... #....<.'.#...........#).(...
.... #......#.#...........#..#...
.....#......'.#.T#######..#..#...
.....#......#.#.p#.....#..#..#...
.....#......#.#.@#.....#..#..#...
...###'######.#..#.....#..#..#...
...##.....##..#..#...(.#..#..###'
...###..)###..#..#.....#.)#......
...# #...# #..#..###)###[)#......
...# ##'## #..#......)....#......
...# #.).# #..#.........).#......
...###)))###..#####'###'#########
...##.)().##..........#...#...#..


You could see notcluie's ghost and a friendly iron troll (berserk).

Vanquished Creatures
  3 krakens
  A sphinx (Vaults:1)
  Rupert (Lair:7)
  Kirke (Spider:1)
  2 fire giants (Vaults:3)
  8 vault wardens
  2 deep elf sorcerers
  4 emperor scorpions
  3 ghost moths (Spider:5)
  2 stone giants
  A deep elf annihilator (Vaults:2)
  A vampire knight (Vaults:3)
  A merfolk javelineer (Shoals:3)
  Snorg (Orc:4)
  2 fire dragons
  A deep elf death mage (Elf:2)
  3 vault guards (Vaults:2)
  4 ironheart preservers
  2 yaktaur captains
  Josephine (Orc:2)
  8 ogre magi
  Fannar (D:12)
  5 hydras
  Harold (Lair:5)
  4 dancing weapons (Vaults:3)
  An ice dragon (Vaults:2)
  Erica (Orc:2)
  A merfolk aquamancer (Shoals:3)
  8 death yaks (Lair:8)
  An orc high priest (Orc:3)
  Urug (Orc:2)
  5 centaur warriors
  7 deep elf knights
  3 sun demons
  2 catoblepae (Lair:8)
  2 very ugly things
  2 iron trolls (Vaults:1)
  A flayed ghost (Vaults:3)
  3 skeletal warriors (Vaults:2)
  Erolcha (Orc:4)
  3 sea snakes
  4 ironbrand convokers
  11 orb spiders
  A deep elf summoner (Elf:2)
  3 hill giants
  10 deep elf conjurers
  6 orc knights
  Joseph (D:12)
  27 wolf spiders
  A wizard (D:13)
  12 harpies
  7 red wasps
  A necromancer (Vaults:3)
  10 fauns
  4 orc sorcerers
  3 manticores
  3 cyclopes
  5 mermaids
  8 vault sentinels
  A guardian serpent (shapeshifter) (Vaults:1)
  A moth of wrath (Spider:4)
  A frost giant skeleton (Vaults:2)
  The ghost of Scytale the Conjurer, an experienced TeFE of Ashenzari (D:7)
  9 elephants
  A feature mimic (Lair:8)
  2 naga magi (D:15)
  A gargoyle (D:15)
  3 black mambas
  A spiny frog (shapeshifter) (D:15)
  8 spiny frogs
  9 griffons
  3 kobold demonologists (D:15)
  10 merfolk
  4 deep elf priests
  A giant firefly (shapeshifter) (D:15)
  3 fire drakes
  12 demonic crawlers
  10 komodo dragons
  29 yaktaurs
  A yaktaur skeleton (Vaults:2)
  3 freezing wraiths
  A centaur skeleton (D:15)
  2 polar bears (shapeshifter)
  15 two-headed ogres
  5 trolls
  The ghost of KaKa the Chopper, an average HuBe of Trog (D:4)
  25 jumping spiders
  A wind drake (Shoals:2)
  19 slime creatures
  2 boulder beetles (Vaults:3)
  26 blink frogs
  A human zombie (Vaults:2)
  17 deep elf magi
  A fire dragon zombie (D:15)
  A griffon skeleton (D:12)
  16 trapdoor spiders
  A vampire (Vaults:3)
  60 redbacks
  A grizzly bear (shapeshifter) (Elf:1)
  4 basilisks
  4 shadows
  5 snapping turtles
  A trapdoor spider (shapeshifter) (Vaults:2)
  11 water elementals
  A fire dragon skeleton (D:13)
  A formicid (shapeshifter) (Vaults:1)
  25 tarantellas
  2 elephant slugs
  5 wraiths
  Eustachio (Orc:2)
  12 sharks
  A hog (shapeshifter) (Vaults:1)
  35 ugly things
  A golden eye (shapeshifter) (Vaults:1)
  2 hungry ghosts (D:12)
  3 wargs
  12 vampire mosquitoes
  34 yaks
  10 hippogriffs
  2 hogs (Spider:1)
  A mottled dragon (Vaults:1)
  A soldier ant (D:9)
  A centaur simulacrum (D:15)
  9 water moccasins
  2 hell hounds (Volcano)
  7 porcupines
  24 spiders
  6 wolves
  A human simulacrum (Vaults:1)
  4 ice beasts
  2 black bears (D:11)
  25 ogres
  4 sky beasts
  22 deep elf fighters
  26 orc warriors
  12 crocodiles
  4 yellow wasps
  4 phantoms
  Sigmund (D:7)
  A manticore skeleton (D:11)
  14 giant slugs
  A gnoll sergeant (D:13)
  5 big kobolds
  A troll zombie (Orc:4)
  A cyclops skeleton (D:9)
  2 eyes of draining (D:14)
  4 scorpions
  23 giant frogs
  5 wyverns
  A troll skeleton (D:6)
  A boulder beetle zombie (D:15)
  A yak skeleton (D:8)
  15 centaurs
  15 killer bees
  5 goliath beetles
  A giant frog zombie (D:12)
  5 electric eels
  7 crimson imps
  11 hounds
  7 jellies
  26 orc priests
  2 big fish
  A basilisk zombie (D:15)
  11 worker ants
  A basilisk skeleton (D:15)
  39 orc wizards
  A quasit (D:8)
  24 sheep
  A killer bee zombie (D:5)
  An ogre skeleton (Orc:2)
  A worker ant zombie (D:9)
  6 orc zombies
  A scorpion zombie (D:5)
  15 adders
  65 green rats
  6 iguanas
  4 shadow imps
  7 gnolls
  3 giant mites
  9 worms
  An ufetubus (D:15)
  An adder zombie (D:5)
  A gnoll zombie (D:6)
  2 giant eyeballs
  6 giant geckos
  2 oozes
  154 orcs
  A bat skeleton (D:4)
  6 giant cockroaches
  11 goblins
  19 hobgoblins
  8 jackals
  33 kobolds
  21 bats
  3 giant newts
  A giant spore (D:9)
  A goblin simulacrum (Orc:2)
  2 goblin skeletons (Orc:2)
  2 orc skeletons
  11 quokkas
  28 rats
  4 ballistomycetes
  A plant (Shoals:3)
  11 tentacles
1539 creatures vanquished.

Vanquished Creatures (collateral kills)
  The ghost of notcluie the Conjurer, a powerful TeFE of Ashenzari (Lair:8)
  3 ironheart preservers (Vaults:3)
  A hydra (Lair:2)
  Nessos (D:12)
  An ogre mage (Vaults:3)
  An orc high priest (Orc:4)
  2 death yaks (Lair:8)
  A catoblepas (Lair:8)
  A skeletal warrior (Vaults:2)
  A slime creature (Vaults:2)
  An orc knight (Vaults:2)
  An ironbrand convoker (Vaults:2)
  A hill giant (D:6)
  A necromancer (Vaults:2)
  A wolf spider (Spider:5)
  2 orc sorcerers (Orc:4)
  5 elephants (Lair:8)
  A sixfirhy (D:11)
  A vault sentinel (Vaults:2)
  A kobold demonologist (D:11)
  A hellwing (D:11)
  A red devil (Volcano)
  A jumping spider (Spider:5)
  A queen bee (Lair:1)
  3 two-headed ogres (Vaults:3)
  A boulder beetle (Spider:5)
  3 trapdoor spiders
  A deep elf mage (Elf:2)
  8 yaks
  A ynoxinul (Vaults:2)
  10 ugly things
  A shark (D:11)
  6 orc warriors
  2 ogres (Vaults:3)
  A crocodile (Lair:8)
  A big kobold (D:11)
  21 killer bees (Lair:1)
  A jelly (D:5)
  2 orc priests (Orc:4)
  4 orc wizards
  4 orc zombies (Orc:4)
  A green rat (Lair:1)
  20 orcs
  A bat (D:5)
  A giant spore (D:5)
  A goblin (D:6)
  A hobgoblin zombie (D:5)
  3 kobolds (D:11)
130 creatures vanquished.

Vanquished Creatures (others)
  An orb spider (Spider:3)
  2 deep trolls
  2 trolls
  3 humans (Spider:1)
  4 ogres
  An orc wizard (Orc:4)
  An orc (Orc:3)
  2 fungi
  2 plants (Lair:7)
  23 tentacles
  742 tentacle segments
783 creatures vanquished.

Grand Total: 2452 creatures vanquished

Notes
Turn   | Place    | Note
--------------------------------------------------------------
     0 | D:1      | KaKa, the Kobold Berserker, began the quest for the Orb.
     0 | D:1      | Reached XP level 1. HP: 14/14 MP: 1/1
   358 | D:1      | Reached XP level 2. HP: 13/19 MP: 2/2
   613 | D:1      | Reached XP level 3. HP: 23/23 MP: 3/3
   677 | D:1      | Acquired Trog's second power
   775 | D:1      | Reached skill level 5 in Short Blades
  1257 | D:2      | Found a sparkling altar of Nemelex Xobeh.
  1349 | D:2      | Reached XP level 4. HP: 29/29 MP: 4/4
  1932 | D:3      | Reached XP level 5. HP: 33/33 MP: 5/5
  2148 | D:3      | Reached skill level 6 in Short Blades
  2307 | D:3      | Found a deep blue altar of Sif Muna.
  2345 | D:3      | Reached XP level 6. HP: 39/39 MP: 6/6
  2730 | D:4      | Reached skill level 7 in Short Blades
  2821 | D:4      | Noticed KaKa's ghost (average HuBe)
  2823 | D:4      | Reached XP level 7. HP: 42/44 MP: 7/7
  2864 | D:4      | Killed KaKa's ghost
  2864 | D:4      | Reached skill level 5 in Fighting
  2864 | D:4      | Reached skill level 8 in Short Blades
  2864 | D:4      | Reached skill level 5 in Dodging
  3230 | D:4      | Acquired Trog's third power
  3481 | D:4      | Reached XP level 8. HP: 50/50 MP: 8/8
  3507 | D:5      | Entered Level 5 of the Dungeon
  3583 | D:5      | Reached skill level 9 in Short Blades
  4195 | D:5      | Reached skill level 10 in Short Blades
  4657 | D:6      | Reached XP level 9. HP: 54/56 MP: 9/9
  4718 | D:6      | Found Namec's Antique Weapon Boutique.
  4889 | D:6      | Found a shadowy altar of Dithmenos.
  4927 | D:6      | Reached skill level 11 in Short Blades
  5111 | D:6      | Noticed a hill giant
  5127 | D:6      | Killed a hill giant
  5584 | D:7      | Found a staircase to the Ecumenical Temple.
  5596 | Temple   | Entered the Ecumenical Temple
  5961 | D:7      | Got a crystal flail
  6076 | D:7      | Noticed Sigmund
  6106 | D:7      | Killed Sigmund
  6209 | D:8      | Reached skill level 12 in Short Blades
  6367 | D:7      | Noticed Scytale's ghost (experienced TeFE)
  6402 | D:6      | Bought a runed blowgun for 67 gold pieces
  6445 | D:7      | Killed Scytale's ghost
  6445 | D:7      | Reached XP level 10. HP: 64/64 MP: 10/10
  6818 | D:8      | Reached skill level 13 in Short Blades
  7369 | D:9      | Found a staircase to the Orcish Mines.
  8713 | D:9      | Reached skill level 14 in Short Blades
  8720 | D:9      | Received a gift from Trog
  8833 | D:10     | Entered Level 10 of the Dungeon
  8887 | D:10     | Reached skill level 1 in Stealth
  9297 | D:10     | Reached XP level 11. HP: 53/71 MP: 3/11
  9951 | D:11     | Received a gift from Trog
  9962 | D:11     | Found a staircase to the Lair.
 10236 | D:11     | Reached skill level 10 in Dodging
 10257 | Lair:1   | Entered Level 1 of the Lair of Beasts
 10305 | Lair:1   | Reached skill level 5 in Stealth
 10652 | D:11     | Found a blossoming altar of Fedhas.
 10910 | D:11     | Noticed a hill giant
 10919 | D:11     | Killed a hill giant
 11090 | Lair:1   | Reached skill level 10 in Fighting
 11090 | Lair:1   | Reached skill level 15 in Short Blades
 11546 | Lair:1   | Found a blossoming altar of Fedhas.
 11758 | Lair:1   | Reached XP level 12. HP: 77/77 MP: 12/12
 11791 | Lair:1   | Found a snail-covered altar of Cheibriados.
 11997 | Lair:1   | Received a gift from Trog
 11998 | Lair:1   | Got a steaming short sword {god gift}
 12081 | Lair:1   | Identified the +2,+8 short sword "Skedapseide" {antimagic, +Blink rN+ Str+1} (Trog gifted it to you on level 1 of the Lair of Beasts)
 12353 | Lair:2   | Noticed a seven-headed hydra
 12373 | Lair:2   | Killed a seven-headed hydra
 12469 | Lair:2   | Found a deep blue altar of Sif Muna.
 12499 | Lair:2   | Got an ivory mace
 12739 | Lair:2   | Noticed a five-headed hydra
 12752 | Lair:2   | Killed a five-headed hydra
 13728 | Lair:3   | Found a dark tunnel.
 13745 | Volcano  | Entered a volcano
 13764 | Volcano  | Noticed a sun demon
 13780 | Volcano  | Killed a sun demon
 14134 | Lair:3   | Noticed a four-headed hydra
 14149 | Lair:3   | Killed a four-headed hydra
 14149 | Lair:3   | Reached skill level 16 in Short Blades
 15350 | Lair:4   | Reached skill level 10 in Stealth
 15365 | Lair:4   | Reached XP level 13. HP: 76/84 MP: 13/13
 15613 | Lair:4   | Received a gift from Trog
 15708 | Lair:4   | Found a glowing silver altar of Zin.
 16676 | Lair:5   | Found a staircase to the Shoals.
 16917 | Lair:5   | Noticed Harold
 16926 | Lair:5   | Killed Harold
 16926 | Lair:5   | Reached skill level 17 in Short Blades
 17042 | Lair:5   | Found a hole to the Spider Nest.
 17627 | Lair:6   | Received a gift from Trog
 18323 | Lair:7   | Noticed Rupert
 18882 | Lair:7   | Found a viscous altar of Jiyva.
 18883 | Lair:7   | Found a staircase to the Slime Pits.
 19110 | Lair:7   | Reached XP level 14. HP: 92/92 MP: 14/14
 19207 | Lair:7   | Received a gift from Trog
 19572 | Lair:7   | Killed Rupert
 19801 | Lair:1   | Identified a scroll of acquirement
 20485 | Lair:8   | Entered Level 8 of the Lair of Beasts
 20487 | Lair:8   | Noticed notcluie's ghost (powerful TeFE)
 20507 | Lair:8   | Killed notcluie's ghost
 21738 | Lair:8   | Identified the Compendium of Flight (You found it on level 8 of the Lair of Beasts)
 21867 | Lair:8   | Reached skill level 18 in Short Blades
 21969 | Lair:8   | Reached skill level 5 in Armour
 22677 | Lair:8   | Got a brightly glowing graven amulet
 22694 | Lair:8   | Identified the amulet of Xoihorgho {Gourm -Cast rC+ Dex+3 SInv} (You found it on level 8 of the Lair of Beasts)
 23041 | D:11     | Received a gift from Trog
 23199 | Orc:1    | Entered Level 1 of the Orcish Mines
 23720 | Orc:2    | Noticed Erica
 23741 | Orc:2    | Killed Erica
 23741 | Orc:2    | Reached XP level 15. HP: 99/99 MP: 5/15
 24018 | Orc:2    | Noticed Eustachio
 24080 | Orc:2    | Noticed Josephine
 24098 | Orc:2    | Killed Josephine
 24153 | Orc:2    | Killed Eustachio
 24342 | Orc:3    | Noticed Urug
 24383 | Orc:2    | Killed Urug
 24955 | Orc:3    | Received a gift from Trog
 25643 | D:12     | Noticed Fannar
 25802 | D:12     | Found Cemest's Gadget Shoppe.
 26016 | D:12     | Noticed Joseph
 26026 | D:12     | Killed Joseph
 26052 | D:12     | Noticed Nessos
 26071 | D:12     | Killed Nessos
 26132 | D:12     | Killed Fannar
 27150 | D:13     | Found a gate to the Vaults.
 27169 | D:13     | Reached skill level 15 in Dodging
 27409 | D:13     | Received a gift from Trog
 27775 | D:14     | Reached skill level 19 in Short Blades
 28435 | D:14     | Gained mutation: You have a pair of small antennae on your head. [potion of beneficial mutation]
 28688 | D:15     | Entered Level 15 of the Dungeon
 29189 | D:15     | Found a staircase to the Depths.
 29766 | Orc:4    | Entered Level 4 of the Orcish Mines
 29898 | Orc:4    | Found a staircase to the Elven Halls.
 30015 | Orc:4    | Received a gift from Trog
 30173 | Orc:4    | Noticed Erolcha
 30183 | Orc:4    | Killed Erolcha
 30358 | Orc:4    | Noticed Snorg
 30360 | Orc:4    | Reached XP level 16. HP: 103/107 MP: 16/16
 30367 | Orc:4    | Killed Snorg
 30464 | Orc:4    | Found Plog's Armour Boutique.
 30464 | Orc:4    | Found Psahez's Book Shop.
 30464 | Orc:4    | Found Usiocy's Armour Boutique.
 30471 | Orc:4    | Found Wiwulom's Assorted Antiques.
 30695 | Orc:4    | Bought a +1 buckler for 123 gold pieces
 30702 | Orc:4    | Bought a +1 cloak of magic resistance for 247 gold pieces
 30864 | Orc:4    | Received a gift from Trog
 31182 | Orc:4    | Reached skill level 1 in Shields
 31406 | Spider:1 | Entered Level 1 of the Spider Nest
 31419 | Spider:1 | Noticed Kirke
 31473 | Spider:1 | Killed Kirke
 32252 | Spider:1 | Reached skill level 5 in Shields
 33629 | Spider:2 | Identified a +0 rod of ignition (11/11) (You found it on level 2 of the Spider Nest)
 33980 | Spider:3 | Received a gift from Trog
 34067 | Spider:3 | Got a slimy scale mail
 34097 | Spider:3 | Identified the cursed -1 scale mail "Guxkim" {Dam-1 Stlth++} (You found it on level 3 of the Spider Nest)
 34687 | Spider:4 | Reached skill level 15 in Stealth
 34753 | Spider:4 | Reached XP level 17. HP: 109/112 MP: 17/17
 34904 | Spider:4 | Received a gift from Trog
 35965 | Shoals:1 | Entered Level 1 of the Shoals
 35983 | Shoals:1 | Got a faintly glowing leather armour
 35991 | Shoals:1 | Identified the +0 leather armour of the Planets {rPois} (You found it on level 1 of the Shoals)
 36933 | Shoals:2 | Found Mistrewni's Armour Shop.
 36940 | Shoals:2 | Bought a +2 cloak of preservation for 664 gold pieces
 37377 | Shoals:2 | Received a gift from Trog
 39801 | Shoals:3 | Reached skill level 15 in Fighting
 40255 | Shoals:4 | Noticed Nikola
 40487 | Elf:1    | Entered Level 1 of the Elven Halls
 40774 | Elf:1    | Received a gift from Trog
 40865 | Elf:1    | Reached XP level 18. HP: 119/119 MP: 6/18
 41666 | Elf:2    | Found Giucs' Jewellery Boutique.
 42931 | Spider:5 | Entered Level 5 of the Spider Nest
 43604 | Spider:5 | Received a gift from Trog
 44364 | Spider:5 | Reached skill level 20 in Short Blades
 44552 | Spider:5 | Got a gossamer rune of Zot
 45073 | Lair:1   | Upgraded the game from 0.15-a0-94-g674142f to 0.15-a0-110-gb05c47c
 45189 | Vaults:1 | Entered Level 1 of the Vaults
 45563 | Vaults:1 | Received a gift from Trog
 45888 | Vaults:1 | Reached XP level 19. HP: 94/127 MP: 18/18
 47004 | Vaults:1 | Received a gift from Trog
 47705 | Vaults:2 | Found Xioddiof's Assorted Antiques.
 47708 | Vaults:2 | Bought a thick steel amulet for 200 gold pieces
 48338 | Vaults:2 | Reached skill level 21 in Short Blades
 48524 | Vaults:2 | Found Wujauf's Magic Scroll Emporium.
 48533 | Vaults:2 | Received a gift from Trog
 48540 | Vaults:2 | Bought a scroll of blinking for 112 gold pieces
 48540 | Vaults:2 | Bought a scroll of blinking for 112 gold pieces
 50258 | Vaults:3 | Found a staircase to the Hall of Blades.
 50367 | Vaults:3 | Reached XP level 20. HP: 136/136 MP: 6/19
 50396 | Vaults:3 | Gained mutation: You are somewhat resistant to further mutation. [potion of beneficial mutation]
 50589 | Vaults:3 | Found a staircase to the Crypt.
 51041 | Vaults:3 | Received a gift from Trog
 51654 | Vaults:3 | Noticed notcluie's ghost (great TeFE)
 51710 | Vaults:3 | Killed from afar by notcluie's ghost

Action                   |  1- 3 |  4- 6 |  7- 9 | 10-12 | 13-15 | 16-18 | 19-21 || total
-------------------------+-------+-------+-------+-------+-------+-------+-------++-------
Melee: Short sword       |   117 |   184 |   234 |   431 |   816 |       |    12 ||  1794
       Cutlass           |       |       |   317 |   176 |   408 |       |       ||   901
       Quick blade       |       |       |       |   838 |  1462 |  2890 |  1327 ||  6517
 Fire: Blowgun           |       |       |       |     1 |       |       |       ||     1
Throw: Tomahawk          |       |     6 |    16 |     4 |       |       |       ||    26
       Dart              |       |       |     1 |       |       |       |       ||     1
Invok: Berserk           |     1 |     2 |     5 |     8 |    17 |    22 |    12 ||    67
       Trog's Hand       |       |     2 |     4 |     7 |     7 |    18 |    10 ||    48
       Brothers in Arms  |       |       |     2 |     5 |     9 |     2 |     6 ||    24
       Burn Spellbooks   |       |       |       |       |       |       |     1 ||     1
Evoke: Wand              |       |       |     7 |     8 |     4 |     3 |     1 ||    23
  Use: Scroll            |     4 |     1 |     2 |    20 |    12 |    15 |     3 ||    57
       Potion            |       |       |       |       |     3 |     6 |     6 ||    15
 Stab: Sleeping          |     1 |     1 |       |    24 |    78 |   110 |    31 ||   245
       Distracted        |       |       |     2 |     1 |     5 |    10 |     4 ||    22
       Paralysed         |       |       |       |     1 |       |       |       ||     1
       Fleeing           |       |       |       |     1 |       |       |       ||     1
       Held in net/web   |       |       |       |       |       |     1 |       ||     1
